 Dungeon Crawl Stone Soup version 0.20.1-1-g8b1a95d (webtiles) character file.

165 Irenicus the Insei (level 5, -5/36 HPs)
             Began as an Octopode Chaos Knight on Oct 13, 2017.
             Killed from afar by an orc wizard (12 damage)
             ... with a puff of flame
             ... on level 3 of the Dungeon.
             The game lasted 00:04:27 (1788 turns).

Irenicus the Insei (Octopode Chaos Knight)          Turns: 1788, Time: 00:04:28

Health: -5/36      AC:  1    Str: 12    XL:     5   Next: 46%
Magic:  5/5        EV: 13    Int: 14    God:    Xom [......]
Gold:   118        SH:  0    Dex: 12    Spells: 4/4 levels left

rFire    . . .     SeeInvis .     - Unarmed
rCold    . . .     Gourm    .   (no shield)
rNeg     . . .     Faith    .   (helmet restricted)
rPois    .         Spirit   .   (no amulet)
rElec    .         Reflect  .   e - ring of teleportation (curse)
rCorr    .         Harm     .   (no ring)
MR       .....     Rnd*Tele +   (no ring)
Stlth    ++........             (no ring)
Regen    0.2/turn               (no ring)
MPRegen  0.1/turn               (no ring)
                                (no ring)
                                (no ring)

@: no status effects
A: almost no armour, stealthy swim, amphibious, 8 rings, constrict 8, camouflage
1, gelatinous body 1
a: Renounce Religion


You were on level 3 of the Dungeon.
You worshipped Xom.
You were a very special plaything of Xom.
You were hungry.

You visited 1 branch of the dungeon, and saw 3 of its levels.

You collected 118 gold pieces.

Inventory:

Jewellery
 e - a cursed ring of teleportation (left tentacle)
Scrolls
 b - 4 scrolls of remove curse {unknown}
 c - 8 scrolls of identify {unknown}
 d - a scroll of random uselessness {unknown}
 f - 2 scrolls of recharging {unknown}
Potions
 g - 2 potions of curing
 h - a potion of berserk rage {unknown}
 i - a potion of resistance {unknown}
 k - a potion of haste {unknown}
Comestibles
 a - a bread ration
 j - a meat ration


   Skills:
 - Level 3.0 Fighting
 - Level 2.3 Dodging
 + Level 6.0 Unarmed Combat


You had 4 spell levels left.
You didn't know any spells.

Dungeon Overview and Level Annotations

Branches:
Dungeon (3/15)

Altars:
Dithmenos
Uskayaw
The Shining One


Innate Abilities, Weirdness & Mutations

You cannot wear most types of armour.
You are very stealthy in the water. (Stealth+)
You are amphibious.
You can wear up to eight rings at the same time.
You can use your tentacles to constrict eight enemies at once.
Your skin changes colour to match your surroundings (Stealth+).
Your rubbery body absorbs attacks. (AC +1, EV +1)


Message History

The jackal bites you but does no damage.
The leopard gecko closely misses you. The orc closely misses you.
You tentacle-slap the orc.
The orc is almost dead.
You constrict the orc, but do no damage.
The jackal bites you.
* * * LOW HITPOINT WARNING * * *
Something hits you.
* * * LOW HITPOINT WARNING * * *
The leopard gecko bites you.
* * * LOW HITPOINT WARNING * * *
It was a potion of curing.
You feel better.
You constrict the orc.
You kill the orc!
The jackal bites you.
* * * LOW HITPOINT WARNING * * *
The leopard gecko misses you.
You hear some strange, mumbled words.
A puff of flame appears from out of thin air!
The puff of flame hits you!
You die...

##....r#.....
##...!<..(....
##......=......
########..............
........%............
#.##.##.............
######..#.##........$....
..........##...$))(......
.#######..###...@{.......
## #.......#..lh.......
#.#####...........#. #..
####.#......# #.
#.#......# .. #.#.......
#. #.#..?...# #.
#.#.#.#...


You could see a leopard gecko and a jackal.

Vanquished Creatures
  An orc wizard (D:3)
  3 gnolls (D:2)
  An adder (D:2)
  A worm (D:3)
  7 dart slugs
  3 leopard geckos
  8 orcs
  2 ball pythons (D:2)
  7 goblins
  5 hobgoblins
  5 jackals (D:3)
  7 kobolds
  2 quokkas
  10 bats
  5 frilled lizards
  7 rats
74 creatures vanquished.

Notes
Turn   | Place    | Note
-------+----------+-------------------------------------------
     0 | D:1      | Irenicus the Octopode Chaos Knight began the quest for the Orb.
     0 | D:1      | Reached XP level 1. HP: 16/16 MP: 1/1
    45 | D:1      | XOM: divination: detect items
    77 | D:1      | XOM: butterfly on damage
    78 | D:1      | Reached XP level 2. HP: 2/21 MP: 2/2
    79 | D:1      | HP: 1/21 [bat (1)]
    84 | D:1      | XOM: divination: magic mapping
   412 | D:1      | XOM: butterfly on damage
   416 | D:1      | Reached skill level 4 in Unarmed Combat
   524 | D:1      | XOM: smoke on damage
   527 | D:1      | Reached XP level 3. HP: 20/26 MP: 3/3
   659 | D:1      | Found a glowing golden altar of the Shining One.
   883 | D:2      | Found a shadowy altar of Dithmenos.
  1137 | D:2      | XOM: 1-stop teleportation journey
  1146 | D:2      | Reached XP level 4. HP: 19/31 MP: 4/4
  1154 | D:2      | Reached skill level 5 in Unarmed Combat
  1192 | D:2      | XOM: 5-stop teleportation journey
  1574 | D:3      | Reached XP level 5. HP: 28/36 MP: 5/5
  1660 | D:3      | Found a hide-covered altar of Uskayaw.
  1784 | D:3      | Reached skill level 6 in Unarmed Combat
  1788 | D:3      | Killed from afar by an orc wizard

Skill      XL: |  1  2  3  4  5 |
---------------+----------------+-----
Unarmed Combat | 4 5 6 |  6.0
Fighting       | |  3.0
Dodging        | |  2.3

Action                   |  1- 3 |  4- 6 || total
-------------------------+-------+-------++-------
Melee: Unarmed           |    77 |    83 ||   160
       Constrict         |    19 |    21 ||    40
       Tentacles         |    10 |    17 ||    27
       Punch             |     1 |     3 ||     4
  Use: Potion            |       |     1 ||     1
 Stab: Sleeping          |     5 |     3 ||     8
       Distracted        |     1 |       ||     1
  Eat: Chunk             |     1 |     1 ||     2
Armor: Skin              |     7 |     5 ||    12
Dodge: Dodged            |    40 |    60 ||   100
